 Dungeon Crawl Stone Soup version 0.25.1-2-g60ff931df9 (webtiles) character file.

Game seed: 6575681481145965319

464 DearestLeader the Conjurer (level 6, -2/32 HPs)
             Began as a Deep Elf Conjurer on Sept 11, 2020.
             Was an Initiate of Vehumet.
             Slain by a scorpion (10 damage)
             ... on level 4 of the Dungeon.
             The game lasted 00:16:08 (4589 turns).

DearestLeader the Conjurer (Deep Elf Conjurer)      Turns: 4589, Time: 00:16:09

Health: -2/32      AC:  4    Str:  5      XL:     6   Next: 80%
Magic:  2/15       EV: 14    Int: 22      God:    Vehumet [......]
Gold:   161        SH:  0    Dex: 13 (15) Spells: 7/15 levels left

rFire    + . .     SeeInvis .   d - +2 dagger (vamp)
rCold    . . .     Gourm    .   (no shield)
rNeg     . . .     Faith    +   a - +0 robe
rPois    .         Spirit   .   m - +0 helmet
rElec    .         Reflect  .   (no cloak)
rCorr    .         Harm     .   o - +0 pair of gloves
MR       .....                  (no boots)
Stlth    ++........             t - amulet of faith
HPRegen  0.10/turn              j - ring of protection from fire
MPRegen  0.14/turn              (no ring)

@: lethally poisoned (-2 -> -12)
A: no striking features
a: Renounce Religion


You were on level 4 of the Dungeon.
You worshipped Vehumet.
Vehumet was noncommittal.
You were not hungry.

You visited 1 branch of the dungeon, and saw 4 of its levels.

You collected 161 gold pieces.

Inventory:

Hand Weapons
 d - a +2 vampiric dagger (weapon)
Armour
 a - a +0 robe (worn)
 m - a +0 helmet (worn)
 o - a +0 pair of gloves (worn)
Jewellery
 j - a ring of protection from fire (left hand)
 t - an amulet of faith (around neck)
Wands
 n - a wand of flame (17)
Scrolls
 e - a scroll of enchant weapon {unknown}
 f - a scroll of remove curse
 g - a scroll of enchant armour {unknown}
 h - a scroll of fog {unknown}
 l - a scroll of immolation {unknown}
 p - a scroll of fear {unknown}
 u - a scroll of noise {unknown}
Potions
 b - a potion of curing
 i - 2 potions of flight
 k - a potion of might
 q - a potion of degeneration {unknown}
 s - a potion of heal wounds {unknown}
Comestibles
 c - 5 rations
 r - 3 chunks of flesh


   Skills:
 + Level 4.9 Dodging
 - Level 2.4 Stealth
 - Level 5.1 Spellcasting
 * Level 7.2 Conjurations


You had 7 spell levels left.
You knew the following spells:

 Your Spells              Type           Power        Failure   Level  Hunger
a - Magic Dart            Conj           ####         1%          1    None
b - Iskenderun's Mystic   Conj/Tloc      ###.....     22%         4    ####...
c - Dazzling Flash        Conj/Hex       ###...       7%          3    ##.....

Your spell library contained the following spells:

 Spells                   Type           Power        Failure   Level  Hunger
 Searing Ray              Conj           #####.       1%          2    None
 Fulminant Prism          Conj/Hex       ###.......   22%         4    ####...
 Gell's Gravitas          Tloc           #.........   30%         3    ##.....
 Portal Projectile        Hex/Tloc       #.....       30%         3    ##.....
 Dispersal                Tloc           #.........   100%        6    #######
 Controlled Blink         Tloc           N/A          100%        8    #######
 Disjunction              Tloc           #.........   100%        8    #######


Dungeon Overview and Level Annotations

Branches:
Dungeon (4/15)
 Temple: D:4-7

Altars:
Elyvilon
Gozag
Vehumet

Annotations:
D:3 2 transporters, 1 runed translucent door, Crazy Yiuf; emsyzz's ghost, amateur DEFE


Message History

Confirm with . or Enter, or press ? or * to list all spells.
Aiming: Magic Dart (safe; 1% risk of failure)
Press: ? - help, Shift-Dir - straight line, f/p - scorpion
Aim: a scorpion (moderately wounded)
The magic dart hits the scorpion.
The scorpion is severely wounded.
The scorpion stings you.
* * * LOW HITPOINT WARNING * * *
You are lethally poisoned!
The scorpion poisons you!
Casting: Magic Dart (safe; 1% risk of failure)
Confirm with . or Enter, or press ? or * to list all spells.
Aiming: Magic Dart (safe; 1% risk of failure)
Press: ? - help, Shift-Dir - straight line, f/p - scorpion
Aim: a scorpion (severely wounded)
The magic dart hits the scorpion.
The scorpion is almost dead.
* * * LOW HITPOINT WARNING * * *
You feel sick. The scorpion stings you!
You die...

.. ... #.# ## #...
##.# #..##..## .
....###.......# #
.#......##.....### ##
...# #....###@...##
.###..###.##....s>...#
###.........#...##.###
.................#.#
................####
..................##
#..................#
#.................##
##...............##


You could see a scorpion.

Vanquished Creatures
  An ogre (D:4)
  A scorpion (D:4)
  A crimson imp (D:3)
  A quasit (D:4)
  A worker ant (D:4)
  An iguana (D:4)
  Robin (D:3)
  6 adders
  4 gnolls (D:3)
  An ooze (D:1)
  4 worms
  2 leopard geckos
  12 orcs
  2 ball pythons (D:2)
  6 bats
  5 giant cockroaches
  13 goblins
  10 hobgoblins
  4 frilled lizards
  8 kobolds
  A leopard gecko skeleton (D:4)
  A leopard gecko zombie (D:4)
  10 rats
96 creatures vanquished.

Notes
Turn   | Place    | Note
-------+----------+-------------------------------------------
     0 | D:1      | DearestLeader the Deep Elf Conjurer began the quest for the
                  | Orb.
     0 | D:1      | Reached XP level 1. HP: 10/10 MP: 6/6
   151 | D:1      | Reached XP level 2. HP: 15/15 MP: 0/8
   746 | D:1      | Reached skill level 5 in Conjurations
   806 | D:2      | Reached XP level 3. HP: 17/19 MP: 7/10
  1551 | D:2      | Reached XP level 4. HP: 24/24 MP: 2/11
  1719 | D:2      | Learned a level 4 spell: Iskenderun's Mystic Blast
  1723 | D:2      | Learned a level 3 spell: Dazzling Flash
  2006 | D:3      | Found a transporter.
  2006 | D:3      | Noticed emsyzz's ghost (amateur DEFE)
  2071 | D:3      | Found a transporter.
  2145 | D:3      | Noticed Robin
  2148 | D:3      | Killed Robin
  2540 | D:3      | Found an opulent altar of Gozag.
  2594 | D:3      | Reached XP level 5. HP: 28/28 MP: 8/13
  2658 | D:3      | Found a white marble altar of Elyvilon.
  2686 | D:3      | Reached skill level 6 in Conjurations
  3509 | D:3      | Found a runed translucent door.
  3510 | D:3      | Noticed Crazy Yiuf
  3659 | D:4      | Found a radiant altar of Vehumet.
  3673 | D:4      | Reached XP level 6. HP: 32/32 MP: 4/15
  4192 | D:4      | Reached skill level 5 in Spellcasting
  4296 | D:4      | Reached skill level 7 in Conjurations
  4307 | D:4      | Became a worshipper of Vehumet
  4589 | D:4      | Slain by a scorpion

Illustrated notes

Levels and vault maps discovered:
D:1:      heliophobic_arrival_henge, layout_loops_ring, minmay_crystal_water
D:2:      layout_basic, kennysheep_potato
D:3:      layout_basic, marbit_many_paths, elyvilon_altar_5, first_ration,
          gammafunk_ghost_arena, uniq_crazy_yiuf_cottage, uniq_robin
D:4:      layout_cave_pools, vehumet_altar_wand_db

Skill      XL: |  1  2  3  4  5  6 |
---------------+-------------------+-----
Conjurations   | 5 6 7 |  7.2
Dodging        | 3 4 |  4.9
Spellcasting   | 4 5 |  5.1
Stealth        | |  2.4

Action                   |  1- 3 |  4- 6 || total
-------------------------+-------+-------++-------
Melee: Unarmed           |     1 |       ||     1
       Dagger            |       |     2 ||     2
 Cast: Magic Dart        |    78 |   196 ||   274
  Use: Scroll            |     2 |     3 ||     5
       Potion            |       |     2 ||     2
  Eat: Chunk             |     2 |     9 ||    11
Armor: Robe              |     2 |    12 ||    14
Dodge: Dodged            |     2 |    75 ||    77
